 Dungeon Crawl Stone Soup version 0.27.1-3-gb3d3a73c9e (webtiles) character file.

Game seed: 14279368444837234995

221 horus123 the Poker (level 5, -3/41 HPs)
             Began as a Merfolk Gladiator on Oct 15, 2021.
             Slain by Duvessa (15 damage)
             ... on level 3 of the Dungeon.
             The game lasted 00:10:26 (3018 turns).

horus123 the Poker (Merfolk Gladiator)              Turns: 3018, Time: 00:10:26

Health: -3/41      AC:  9    Str: 14    XL:     5   Next: 98%
Magic:  5/5        EV: 12    Int: 20    God:
Gold:   31         SH:  0    Dex: 16    Spells: 2/4 levels left

rFire    . . .     SeeInvis .   b - +0 halberd
rCold    . . .     Faith    .   (shield currently unavailable)
rNeg     . . .     Spirit   .   f - +2 ring mail {Will+}
rPois    .         Reflect  .   i - +0 helmet
rElec    .         Harm     .   (no cloak)
rCorr    .         Rampage  .   l - +0 pair of gloves
Will     +....                  (no boots)
Stlth    +.........             (no amulet)
HPRegen  0.13/turn              n - +6 ring of intelligence
MPRegen  0.09/turn              o - +6 ring of intelligence

@: about to teleport
A: (nimble swimmer 2), mertail
a: no special abilities


You were on level 3 of the Dungeon.
You visited 1 branch of the dungeon, and saw 4 of its levels.

You collected 59 gold pieces.
You spent 28 gold pieces at shops.

Inventory:

Hand Weapons
 a - a +1 trident
 b - a +0 halberd (weapon)
Missiles
 d - 3 throwing nets (quivered)
Armour
 f - a +2 ring mail of willpower (worn)
 i - a +0 helmet (worn)
 l - a +0 pair of gloves (worn)
Jewellery
 n - a +6 ring of intelligence (left hand)
 o - a +6 ring of intelligence (right hand)
Scrolls
 g - 2 scrolls of magic mapping
 k - a scroll of fear
 m - 2 scrolls of teleportation
Potions
 c - a potion of heal wounds {unknown}
 e - a potion of flight {unknown}
 h - a potion of invisibility
 j - a potion of might {unknown}
 p - a potion of brilliance {unknown}


   Skills:
 * Level 3.4 Fighting
 * Level 7.5 Polearms
 + Level 2.0 Throwing
 + Level 1.0 Armour
 * Level 4.8 Dodging
 + Level 0.8 Stealth


You had 2 spell levels left.
You knew the following spells:

 Your Spells              Type           Power      Damage    Failure   Level
a - Blink                 Tloc           N/A        N/A       52%         2

Your spell library contained the following spells:

 Spells                   Type           Power      Damage    Failure   Level
 Lesser Beckoning         Tloc           0%         N/A       75%         3
 Manifold Assault         Tloc           0%         N/A       100%        5


Dungeon Overview and Level Annotations

Branches:
Dungeon (4/15)
 Temple: D:4-7

Altars:

Shops:
D:2 ?

Annotations:
D:3 Duvessa


Innate Abilities, Weirdness & Mutations

((You are quick and stealthy near water. (Stealth+, EV+, Speed+++)))
Your lower body shifts to a powerful aquatic tail in water.


Message History

Press: ? - help, Dir - move target, f/p - Duvessa
Aim: Duvessa, wielding a +0 short sword and wearing a +0 leather armour (lightly wounded, berserk, fast, about 39% to evade your +0 halberd)
Okay, then.
Okay, then.
Press: ? - help, v - describe, . - travel, g - get item
Here: Duvessa, wielding a +0 short sword and wearing a +0 leather armour (lightly wounded, berserk, fast)
Items here: a +0 dagger; a +0 robe; the elf corpse of Dowan.
The floor.
Duvessa is nearby!
Press: ? - help, v - describe, . - travel, g - get item
Here: Duvessa, wielding a +0 short sword and wearing a +0 leather armour (lightly wounded, berserk, fast)
Items here: a +0 dagger; a +0 robe; the elf corpse of Dowan.
The floor.
You hit Duvessa.
Duvessa is lightly wounded.
Duvessa hits you with a +0 short sword. Duvessa hits you with a +0 short sword!
Press: ? - help, v - describe, . - travel
Here: Duvessa, wielding a +0 short sword and wearing a +0 leather armour (lightly wounded, berserk, fast)
The floor, spattered with blood.
Press: ? - help, v - describe, . - travel
Here: Duvessa, wielding a +0 short sword and wearing a +0 leather armour (lightly wounded, berserk, fast)
The floor, spattered with blood.
Duvessa is nearby!
Press: ? - help, v - describe, . - travel
Here: Duvessa, wielding a +0 short sword and wearing a +0 leather armour (lightly wounded, berserk, fast)
The floor, spattered with blood.
Duvessa is nearby!
Duvessa closely misses you. Duvessa hits you with a +0 short sword!
* * * LOW HITPOINT WARNING * * *
Duvessa completely misses you.
Duvessa rages.
Duvessa completely misses you.
There is a stone staircase leading up here.
Duvessa hits you but does no damage.
You climb upwards.
There is a stone staircase leading down here.
As you read the scroll of teleportation, it crumbles to dust.
You feel strangely unstable. Duvessa hits you with a +0 short sword!
You die...

.......# #.##.# #.....####)#
.......# #..#.# #.....####'###
.......#######.#.# #.............
...............#.###.............
#####....<.........'.............
#.........#..###.....####'###
#.........#..###.....####.#
#####.........##'##........##.#
........[.....#.@e.........##.###
..............#............##.#..
..............#............##.#..
..............#............##.#..
..............#..........).##.'..
..............#............####..
..............#....#.............
..............##+###.#.##########
.....###########.# #.#.##


You could see Duvessa (berserk, fast).

Vanquished Creatures
  Dowan (D:4)
  3 gnolls (D:3)
  6 adders
  2 worms
  4 dart slugs
  9 ball pythons
  6 bats
  7 endoplasms
  A giant cockroach (D:1)
  6 goblins
  10 hobgoblins
  8 jackals (D:2)
  A quokka (D:1)
  2 frilled lizards
  6 kobolds (D:1)
  6 rats
78 creatures vanquished.

Notes
Turn   | Place    | Note
-------+----------+-------------------------------------------
     0 | D:1      | horus123 the Merfolk Gladiator began the quest for the Orb.
     0 | D:1      | Reached XP level 1. HP: 16/16 MP: 1/1
   144 | D:1      | Reached XP level 2. HP: 11/23 MP: 2/2
   472 | D:1      | Reached skill level 5 in Polearms
   685 | D:1      | Reached XP level 3. HP: 28/28 MP: 3/3
   868 | D:2      | Found Wicausm's Magic Scroll Emporium.
   951 | D:2      | Bought a scroll of identify for 28 gold pieces
  1014 | D:2      | Learned a level 2 spell: Blink
  1024 | D:2      | Reached skill level 6 in Polearms
  1044 | D:2      | Reached XP level 4. HP: 34/34 MP: 4/4
  1396 | D:2      | Found a faded altar of an unknown god.
  1824 | D:3      | Reached XP level 5. HP: 41/41 MP: 5/5
  1918 | D:3      | Reached skill level 7 in Polearms
  2999 | D:4      | Noticed Dowan
  3001 | D:4      | Noticed Duvessa
  3004 | D:4      | Killed Dowan
  3005 | D:4      | Reached skill level 1 in Armour
  3018 | D:3      | Slain by Duvessa

Illustrated notes

Levels and vault maps discovered:
D:1:      minmay_arrival_hallway, layout_rooms, st_stairs_10
D:2:      layout_rooms, serial_shops, shop,
          ebering_ecumenical_altar_sacrificial, serial_bayou_pond_d,
          st_stairs_5, minmay_snake_closets
D:3:      layout_basic
D:4:      layout_rooms, minmay_temple_entry_junction,
          ebering_ghost_reflecting_pool, uniq_duvessa

Skill      XL: |  1  2  3  4  5 |
---------------+----------------+-----
Polearms       | 5 6 7 |  7.5
Fighting       | 3 |  3.4
Armour         | 1 |  1.0
Throwing       | |  2.0
Dodging        | |  4.8
Stealth        | |  0.8

Action                   |  1- 3 |  4- 6 || total
-------------------------+-------+-------++-------
Melee: Trident           |   129 |   154 ||   283
       Halberd           |       |    14 ||    14
  Use: Scroll            |     3 |     5 ||     8
Armor: Leather armour    |     1 |       ||     1
       Ring mail         |    30 |    55 ||    85
Dodge: Dodged            |    73 |   105 ||   178
